 Seeded DCSS version 0.30-a0-857-gcaf70739d4 (webtiles) character file.

Game seed: 18242870539230726858 (custom seed)

2401 bmack86 the Cleaver (level 9, -12/78 HPs)
             Began as a Minotaur Fighter on Mar 6, 2023.
             Was a Priest of Okawaru.
             Mangled by an orc knight
             ... wielding a +0 battleaxe
              (27 damage)
             ... in a bailey.
             The game lasted 00:18:25 (5546 turns).

bmack86 the Cleaver (Minotaur Fighter)              Turns: 5546, Time: 00:18:25

Health: -12/78     AC: 19    Str: 24    XL:     9   Next: 23%
Magic:  8/10       EV: 10    Int:  5    God:    Okawaru [***...]
Gold:   29         SH:  7    Dex: 11    Spells: 8/8 levels left

rFire   . . .      SeeInvis .    D - +4 broad axe (flame)
rCold   . . .      Faith    .    c - +0 buckler
rNeg    . . .      Spirit   .    C - +1 chain mail {Will+}
rPois   +          Reflect  .    (helmet restricted)
rElec   .          Rampage  .    E - +1 cloak
rCorr   .                        (no gloves)
Will    +....                    k - +2 pair of boots {Fly} Stlth
                                 n - amulet of regeneration
HPRegen 1.13/turn                j - ring of poison resistance
MPRegen 0.12/turn                (no ring)

@: heroic, flying
A: horns 2, retaliatory headbutt
a: Renounce Religion, Heroism


You were in a bailey.
You worshipped Okawaru.
Okawaru was most pleased with you.
You visited 1 branch of the dungeon, and saw 7 of its levels.
You also visited: Bailey.

You collected 466 gold pieces.
You spent 437 gold pieces at shops.

Inventory:

Hand Weapons
 a - a +0 war axe
 D - a +4 broad axe of flaming (weapon)
Missiles
 v - 13 boomerangs (quivered)
Armour
 b - a +0 scale mail
 c - a +0 buckler (worn)
 k - a +2 pair of boots of flying (worn)
 t - a +0 plate armour
 C - a +1 chain mail of willpower (worn)
 E - a +1 cloak (worn)
Jewellery
 j - a ring of poison resistance (left hand)
 n - an amulet of regeneration (around neck)
 y - a ring of flight
Scrolls
 f - a scroll of fear
 h - 2 scrolls of vulnerability
 i - 2 scrolls of identify
 m - a scroll of enchant armour {unknown}
 o - a scroll of blinking {unknown}
 q - 2 scrolls of teleportation
 r - a scroll of fog {unknown}
 s - a scroll of torment {unknown}
 u - a scroll of immolation
 w - a scroll of poison
 A - a scroll of noise
 F - a scroll of magic mapping {unknown}
Potions
 d - a potion of might
 e - 2 potions of attraction
 g - 3 potions of mutation
 l - a potion of haste
 p - a potion of invisibility
 x - a potion of magic
 z - 2 potions of curing
 B - 2 potions of lignification


   Skills:
 + Level 6.9(11.9) Fighting
 * Level 8.8(13.8) Axes
 + Level 3.6(8.6) Throwing
 + Level 7.1(12.1) Armour
 + Level 7.0(12.0) Shields
 + Level 3.4 Invocations


You had 8 spell levels left.
You didn't know any spells.
Your spell library contained the following spells:

 Spells                   Type           Power      Damage    Failure   Level
 Kiss of Death            Conj/Necr      0%         2d5       97%         1
 Magic Dart               Conj           0%         1d3       97%         1
 Lesser Beckoning         Tloc           0%         N/A       99%         2
 Confusing Touch          Hex            0%         N/A       100%        3
 Gell's Gravitas          Tloc           0%         N/A       100%        3
 Mephitic Cloud           Conj/Pois/Air  0%         N/A       100%        3
 Teleport Other           Tloc           0%         N/A       100%        3
 Dispel Undead            Necr           0%         3d6       100%        4
 Call Imp                 Summ           Unusable   N/A       N/A         2

Dungeon Overview and Level Annotations

Branches:
Dungeon (7/15)             Temple (0/1) D:6          Bailey (1/1)

Altars:
Cheibriados
Gozag
Okawaru
Ru
Wu Jian

Shops:
D:1 ((*[*   D:2 *   D:6 *


Innate Abilities, Weirdness & Mutations

You have a pair of horns on your head.
You reflexively headbutt those who attack you in melee.


Message History

Your Invocations skill increases to level 3!
Found 18 gold pieces and a scroll labelled SASTISTRYIR.
The orc knight hits you with a +0 battleaxe!!
The orc warrior hits you but does no damage.
The orc knight roars a battlecry!
The orc knight goes into a battle-frenzy!
The orc warrior no longer looks unusually strong.
The orc knight hits you with a +0 battleaxe!
* * * LOW HITPOINT WARNING * * *
You block the orc warrior's attack.
You slash the orc knight! You burn the orc knight.
You kill the orc knight!
Okawaru is honoured by your kill.
Okawaru will now gift you throwing weapons as you gain piety.
You slash the orc warrior! You burn the orc warrior. You hit the orc knight.
You burn the orc knight.
The orc knight roars a battlecry!
The orc warrior goes into a battle-frenzy!
The orc warrior hits you with a +0 war axe!
* * * LOW HITPOINT WARNING * * *
Your base Armour skill increases to level 7!
You have reached level 9!
Your experience leads to an increase in your attributes!
Increase (S)trength, (I)ntelligence, or (D)exterity?
You feel stronger. x2
You closely miss the orc knight.
The orc knight is lightly wounded.
You hit the orc warrior. You burn the orc warrior.
You kill the orc warrior!
Okawaru accepts your kill. You block the orc knight's attack.
Your base Shields skill increases to level 7!
You barely miss the orc knight.
The orc knight is lightly wounded.
The orc knight hits you with a +0 battleaxe.
* * * LOW HITPOINT WARNING * * *
Okay, then.
You feel better.
The orc knight hits you with a +0 battleaxe!!
You die...

8.8##... #... ....
...#.... #... ~...
...#.... #... ~..
..o#.... #...##~8
8.8##... ##....#~
..?~#... ##.....# ..[
#... ##.....o#### ~~
##...
#...8..@)..#########....
#$......)).'.....'....8.
#?.........#~~~~)#).†...
##!.8..8...#~~~~~#......
##.......##~~~~~##...8.
##?....##.......##....
##!$.##.........##...
#####♣♣♣.....♣♣♣####
♣♣♣∩♣♣♣


You could see an orc knight (strong).

Vanquished Creatures
  An orc knight (Bailey)
  Sigmund (D:2)
  A water moccasin (D:5)
  4 black bears
  3 orc warriors (Bailey)
  An ogre (D:4)
  A centaur (D:6)
  3 phantoms
  A scorpion (D:4)
  3 hounds
  A jelly (D:7)
  3 iguanas
  A sleepcap (D:5)
  3 orc wizards (D:5)
  11 gnolls
  8 adders
  A shadow imp (D:6)
  A white imp (D:6)
  An ufetubus (D:6)
  A worm (D:2)
  2 dart slugs
  9 orcs
  7 ball pythons
  6 endoplasms
  7 giant cockroaches
  19 goblins
  6 hobgoblins
  3 quokkas
  9 bats
  15 frilled lizards
  18 kobolds
  6 rats
157 creatures vanquished.

Vanquished Creatures (others)
  An orc wizard (D:5)
  8 plants (D:1)
9 creatures vanquished.

Grand Total: 166 creatures vanquished

Notes
Turn   | Place    | Note
-------+----------+-------------------------------------------
     0 | D:1      | bmack86 the Minotaur Fighter began the quest for the Orb.
     0 | D:1      | Reached XP level 1. HP: 19/19 MP: 0/0
   235 | D:1      | Reached XP level 2. HP: 21/27 MP: 1/1
   236 | D:1      | Found Iczoal's Antique Armour Shop.
   306 | D:1      | Found Mapt's Weapon Shop.
   313 | D:1      | Reached skill level 3 in Axes
   357 | D:1      | Found Ridunu's General Store.
   375 | D:1      | Bought a scroll of identify for 20 gold pieces
   502 | D:1      | Found Gaux's General Store.
   812 | D:1      | Found Mazynewu's Weapon Shoppe.
   916 | D:2      | Reached XP level 3. HP: 33/33 MP: 2/2
  1013 | D:2      | Found Qerurash's Assorted Antiques.
  1094 | D:2      | Noticed Sigmund
  1111 | D:2      | Killed Sigmund
  1112 | D:2      | Reached skill level 4 in Axes
  1112 | D:2      | Reached XP level 4. HP: 26/41 MP: 3/3
  1112 | D:2      | Reached XP level 5. HP: 29/47 MP: 4/4
  1312 | D:2      | Bought a thin malachite amulet for 125 gold pieces
  1482 | D:2      | Reached skill level 5 in Axes
  1619 | D:2      | Identified the +0 leather armour of Xuytoo {rF++ rN+}
  1815 | D:2      | Reached XP level 6. HP: 55/55 MP: 5/5
  2092 | D:3      | Reached skill level 5 in Armour
  2107 | D:3      | Reached skill level 5 in Shields
  2269 | D:3      | Reached skill level 5 in Fighting
  2576 | D:4      | Found an opulent altar of Gozag.
  2627 | D:4      | Reached XP level 7. HP: 56/61 MP: 6/6
  2699 | D:4      | Found an iron altar of Okawaru.
  2699 | D:4      | Found a sacrificial altar of Ru.
  2703 | D:4      | Became a worshipper of Warmaster Okawaru
  2772 | D:4      | Reached skill level 6 in Axes
  3044 | D:4      | Reached skill level 1 in Throwing
  3334 | D:5      | Entered Level 5 of the Dungeon
  3442 | D:5      | Reached skill level 1 in Invocations
  3567 | D:5      | Identified the +0 quarterstaff "Mujap" {heavy, Will+}
  3638 | D:5      | Reached * piety under Okawaru
  3639 | D:5      | Reached skill level 7 in Axes
  3639 | D:5      | Reached XP level 8. HP: 66/70 MP: 8/8
  4414 | D:6      | Reached ** piety under Okawaru
  4472 | D:6      | Found a staircase to the Ecumenical Temple.
  4478 | D:6      | Identified a scroll of acquirement
  4478 | D:6      | Acquired a +1 broad axe of flaming
  4619 | D:6      | Found a snail-covered altar of Cheibriados.
  4647 | D:6      | Found an ornate altar of the Wu Jian Council.
  4700 | D:6      | Found Yffurim's Assorted Antiques.
  4707 | D:6      | Bought a scroll of enchant weapon for 217 gold pieces
  5239 | D:1      | Bought a scroll of enchant weapon for 75 gold pieces
  5376 | D:7      | Reached skill level 8 in Axes
  5408 | D:7      | Found a flagged portal.
  5418 | Bailey   | Entered a bailey
  5423 | Bailey   | Noticed an orc warlord
  5526 | Bailey   | Noticed an orc knight
  5540 | Bailey   | Noticed an orc knight
  5543 | Bailey   | Killed an orc knight
  5543 | Bailey   | Reached *** piety under Okawaru
  5544 | Bailey   | Reached XP level 9. HP: 7/78 MP: 8/10
  5545 | Bailey   | HP: 3/78 [orc knight/+0 battleaxe (6)]
  5546 | Bailey   | Mangled by an orc knight

Illustrated notes

Levels and vault maps discovered:
D:1:      dpeg_arrival_stone_temple_mockup, layout_basic, serial_shops, shop,
          shop_statue, shop_statue, nicolae_shop_advertising_works
          [nicolae_subvault_shop_adworks], nicolae_shop_bloodbath_and_beyond,
          minmay_lizard_king
D:2:      layout_loops_ring, serial_shops, nicolae_lakefront_shop,
          minmay_pentomino_pile, uniq_sigmund
D:3:      layout_loops_ring
D:4:      layout_cave_pods, grunt_gozag_statues,
          mainiacjoe_overflow_divided_tiny
D:5:      minmay_angry_zag, layout_gridville
D:6:      layout_basic, mainiacjoe_overflow_two_lobes,
          minmay_temple_entry_slanted, serial_shops, nicolae_stop_n_shop_2,
          hangedman_decor_growths
D:7:      layout_layer_cave, enter_bailey_3, ebering_ghost_reflecting_pool
Bailey:   bailey_axe_bossmonster_kennysheep, bailey

Skill      XL: |  1  2  3  4  5  6  7  8  9 |
---------------+----------------------------+-----
Axes           | 3 4 5 7 8 |  8.8
Shields        | 4 5 6 7 |  7.0
Fighting       | 4 5 6 |  6.9
Armour         | 4 5 7 |  7.1
Throwing       | 2 3 |  3.6
Invocations    | 1 3 |  3.4

Action                     |  1- 3 |  4- 6 |  7- 9 || total
---------------------------+-------+-------+-------++-------
  Melee: War axe           |    54 |   115 |   117 ||   286
         Headbutt          |     8 |    18 |    21 ||    47
         Broad axe         |       |       |    46 ||    46
  Throw: Boomerang         |       |     2 |       ||     2
 Invoke: Heroism           |       |       |     1 ||     1
    Use: Scroll            |       |     9 |    10 ||    19
         Potion            |       |       |     1 ||     1
 Armour: Scale mail        |    42 |    53 |       ||    95
         Plate armour      |       |    25 |   130 ||   155
         Chain mail        |       |       |    59 ||    59
  Dodge: Dodged            |    32 |    45 |    85 ||   162
  Block: Buckler           |    18 |    29 |    43 ||    90

Table legend: (Time is in decaauts)
 A = Elapsed time spent in this place.
 B = Non-inter-level travel time spent in this place.
 C = Inter-level travel time spent in this place.
 D = Time resting spent in this place.
 E = Time spent auto-exploring this place.
 F = Levels seen in this place.
 G = Mean time per level.
                   A        B        C        D        E       F      G
               +--------+--------+--------+--------+--------+-----+--------+
         Total |   5631 |   5155 |    476 |      8 |   3490 |   8 |  703.9 |
       Dungeon |   5499 |   5023 |    476 |      0 |   3490 |   7 |  785.6 |
        Bailey |    132 |    132 |      0 |      8 |      0 |   1 |  132.0 |
               +--------+--------+--------+--------+--------+-----+--------+

Top non-repeatable levels by time:
     D:5: 1100 daAuts
     D:1: 1034 daAuts
     D:2: 963 daAuts
     D:4: 903 daAuts
     D:6: 766 daAuts
     D:3: 671 daAuts
  Bailey: 132 daAuts
     D:7: 60 daAuts
